 Dungeon Crawl Stone Soup version 0.23.1-37-gaa34b87 (webtiles) character file.

Game seed: 5049351091433463749

77 Fang the Skirmisher (level 4, -1/29 HPs)
             Began as a Gargoyle Berserker on Mar 21, 2019.
             Was a Follower of Trog.
             Slain by a crimson imp
             ... wielding a +0 rapier
              (2 damage)
             ... on level 4 of the Dungeon.
             The game lasted 00:02:57 (1939 turns).

Fang the Skirmisher (Gargoyle Berserker)            Turns: 1939, Time: 00:02:58

Health: -1/29      AC:  5    Str: 22    XL:     4   Next: 33%
Magic:  4/4        EV: 12    Int:  7    God:    Trog [*.....]
Gold:   46         SH:  0    Dex:  9    Spells: 3/3 levels left

rFire    . . .     SeeInvis .   a - +0 hand axe
rCold    . . .     Gourm    .   (no shield)
rNeg     + . .     Faith    .   b - +0 animal skin
rPois    ∞         Spirit   .   (no helmet)
rElec    +         Reflect  .   (no cloak)
rCorr    .         Harm     .   (no gloves)
MR       .....                  (no boots)
Stlth    +.........             (no amulet)
HPRegen  0.09/turn              (no ring)
MPRegen  0.09/turn              (no ring)

@: berserk cooldown
A: negative energy resistance 1, electricity resistance, unbreathing,
petrification resistance, rot immunity, AC +3
a: Berserk, Renounce Religion


You were on level 4 of the Dungeon.
You worshipped Trog.
Trog was aware of your devotion.
You were near starving.

You visited 2 branches of the dungeon, and saw 4 of its levels.

You collected 46 gold pieces.

Inventory:

Hand Weapons
 a - a +0 hand axe (weapon)
Armour
 b - a +0 animal skin (worn)
Scrolls
 e - a scroll of remove curse {unknown}
 f - 2 scrolls of blinking {unknown}
 g - a scroll of fog {unknown}
 i - a scroll of immolation {unknown}
 j - a scroll of amnesia {unknown}
 k - 4 scrolls of identify {unknown}
 m - a scroll of enchant weapon {unknown}
Potions
 d - 3 potions of curing {unknown}
 l - 3 potions of agility {unknown}
Comestibles
 c - 4 rations


   Skills:
 + Level 4.0 Fighting
 + Level 3.2 Axes
 + Level 3.0 Armour
 + Level 2.2 Dodging


You had 3 spell levels left.
You didn't know any spells.
Your spell library was empty.

Dungeon Overview and Level Annotations

Branches:
Dungeon (4/15)             Temple (1/1) D:4

Altars:
Ashenzari
Elyvilon
Hepliaklqana
Qazlal
Vehumet


Innate Abilities, Weirdness & Mutations

You are resistant to torment.
Your stone body is resilient. (AC +3)
You are immune to poison.
You resist negative energy. (rN+)
You are resistant to electric shocks. (rElec)
You can survive without breathing.
You are immune to petrification.
You are immune to rotting.


Message History

* * * LOW HITPOINT WARNING * * *
The crimson imp laughs crazily.
The crimson imp blinks!
Okay, then.
The crimson imp blinks!
You see here a scroll labeled DUSTUCWOUDD.
The crimson imp shouts, "Succumb, thou unmuzzled weevil-witted barnacle!"
The crimson imp hits you with a +0 rapier.
* * * LOW HITPOINT WARNING * * *
The crimson imp completely misses you.
You closely miss the crimson imp.
The crimson imp hits you but does no damage.
You barely miss the crimson imp.
You feel yourself speed up. The crimson imp barely misses you.
The crimson imp hits you with a +0 rapier.
* * * LOW HITPOINT WARNING * * *
You closely miss the crimson imp.
The crimson imp hits you with a +0 rapier.
You die...

.#... ..(... #._.
############...... ...
...................
####.........[........
#..##....(............
#...##.....?..........
#....##...........(...
#.....##.>.5..>.......
#......##..@....######
#.......#[......#
###.............#
##..............#
###########.#### #.#
#.# #.# ..


You could see a crimson imp.

Vanquished Creatures
  An orc priest (D:4)
  Jessica (D:2)
  An ooze (D:1)
  2 dart slugs (D:1)
  A leopard gecko (D:1)
  A hobgoblin (D:1)
  4 jackals (D:1)
  A frilled lizard (D:1)
  A rat (D:2)
13 creatures vanquished.

Notes
Turn   | Place    | Note
-------+----------+-------------------------------------------
     0 | D:1      | Fang the Gargoyle Berserker began the quest for the Orb.
     0 | D:1      | Reached XP level 1. HP: 14/14 MP: 1/1
   679 | D:1      | Reached XP level 2. HP: 19/19 MP: 2/2
  1303 | D:2      | Noticed Jessica
  1308 | D:2      | Killed Jessica
  1308 | D:2      | Reached XP level 3. HP: 24/24 MP: 3/3
  1333 | D:2      | You fall through a shaft for 2 floors!
  1333 | D:4      | Found a shattered altar of Ashenzari.
  1348 | D:4      | Found a staircase to the Ecumenical Temple.
  1360 | D:4      | Reached skill level 4 in Fighting
  1360 | D:4      | Reached XP level 4. HP: 8/29 MP: 4/4
  1492 | Temple   | Entered the Ecumenical Temple
  1938 | D:4      | HP: 1/29 [crimson imp/+0 rapier (4)]
  1939 | D:4      | Slain by a crimson imp

Skill      XL: |  1  2  3 |
---------------+----------+-----
Axes           | 3 |  3.2
Dodging        | 2 |  2.2
Fighting       | 4 |  4.0
Armour         | 3 |  3.0

Action                   |  1- 3 |  4- 6 || total
-------------------------+-------+-------++-------
Melee: Hand axe          |    42 |    39 ||    81
Invok: Berserk           |     1 |     1 ||     2
  Eat: Chunk             |     1 |     2 ||     3
Armor: Animal skin       |    14 |    17 ||    31
Dodge: Dodged            |    23 |    12 ||    35
